 Dungeon Crawl Stone Soup version 0.28.0-53-g5a82cb258f (webtiles) character file.

Game seed: 8017313122574356533

39 cbfl8 the Skirmisher (level 3, -2/33 HPs)
             Began as a Hill Orc Fighter on Sept 13, 2022.
             Slain by a gnoll
             ... wielding a +1 spear of venom
              (7 damage)
             ... on level 2 of the Dungeon.
             The game lasted 00:01:02 (1225 turns).

cbfl8 the Skirmisher (Hill Orc Fighter)             Turns: 1225, Time: 00:01:03

Health: -2/33      AC:  9    Str: 18    XL:     3   Next: 45%
Magic:  3/3        EV:  6    Int:  8    God:
Gold:   53         SH:  4    Dex: 12    Spells: 2/2 levels left

rFire   . . .      SeeInvis .   a - +0 war axe
rCold   . . .      Faith    .   c - +0 buckler
rNeg    . . .      Spirit   .   k - +0 chain mail
rPois   .          Reflect  .   (no helmet)
rElec   .          Harm     .   (no cloak)
rCorr   .          Rampage  .   (no gloves)
Will    .....                   (no boots)
Stlth   ..........              (no amulet)
HPRegen 0.11/turn               (no ring)
MPRegen 0.08/turn               (no ring)

@: lethally poisoned (-2 -> -26)
A: no striking features
a: no special abilities


You were on level 2 of the Dungeon.
You visited 1 branch of the dungeon, and saw 2 of its levels.

You collected 53 gold pieces.

Inventory:

Hand Weapons
 a - a +0 war axe (weapon)
Armour
 c - a +0 buckler (worn)
 k - a +0 chain mail (worn)
Scrolls
 e - a scroll of enchant armour {unknown}
 f - 2 scrolls of identify {unknown}
 i - a scroll of brand weapon {unknown}
 j - a scroll of immolation {unknown}
 l - a scroll of fog {unknown}
Potions
 b - a potion of curing {unknown}
 d - a potion of might
 g - a potion of heal wounds {unknown}
 h - a potion of attraction {unknown}


   Skills:
 * Level 4.0 Fighting
 * Level 3.3 Axes
 + Level 3.6 Armour
 * Level 0.3 Dodging
 + Level 0.1 Stealth
 + Level 3.7 Shields
 * Level 0.3 Evocations


You had 2 spell levels left.
You didn't know any spells.
Your spell library contained the following spells:

 Spells                   Type           Power      Damage    Failure   Level
 Animate Skeleton         Necr           0%         N/A       100%        1
 Pain                     Necr           0%         1d4       100%        1
 Sandblast                Erth           0%         2d4       100%        1
 Passwall                 Tmut/Erth      0%         N/A       100%        2
 Ozocubu's Armour         Ice            0%         N/A       100%        3
 Stone Arrow              Conj/Erth      0%         3d7       100%        3
 Vampiric Draining        Necr           0%         2d6       100%        3
 Ozocubu's Refrigeration  Ice            0%         4d5       100%        7


Dungeon Overview and Level Annotations

Branches:
Dungeon (2/15)

Altars:

Shops:
D:1 =


Message History

There are monsters nearby!
The gnoll shouts!
You hit the quokka.
The quokka is almost dead.
You barely miss the rat.
You hear a shout! x3
The quokka closely misses you. You block the rat's attack.
A gnoll comes into view. It is wielding a +0 flail.
The rat closely misses you.
The quokka bites you but does no damage.
You hit the quokka but do no damage.
The quokka is almost dead.
You slash the rat!
You kill the rat!
The quokka bites you but does no damage.
You block the gnoll's attack.
Unknown command.
You slash the quokka!
You kill the quokka!
You hit the kobold. The kobold hits you but does no damage.
The gnoll hits you from afar with a +1 spear of venom.
A gnoll comes into view. It is wielding a +0 flail.
The kobold hits you but does no damage.
Unknown command.
You slash the kobold!
You kill the kobold!
The gnoll hits you from afar with a +1 spear of venom.
You are poisoned.
The gnoll hits you from afar with a +1 spear of venom!
You are lethally poisoned!
Unknown command.
Unknown command.
You barely miss the gnoll.
You feel extremely sick. The gnoll hits you with a +0 flail.
The gnoll hits you but does no damage.
You are more poisoned.
* * * LOW HITPOINT WARNING * * *
You feel extremely sick.
The gnoll hits you from afar with a +1 spear of venom!
You die...

..........
..>......# #####
#<..#...#. .##....
######.... .......##
## ..### ........#
#. ..# ## .......g#
. #.
......†g#######.
.####...
......)g@....... #..
..##
#######........###.#
####
#..........##.###...
#<................##
#............######
#.........)###....
#..............#
##.........#####
#..........#


You could see 3 gnolls.

Vanquished Creatures
  A dart slug (D:1)
  5 endoplasms
  A giant cockroach (D:2)
  2 goblins
  A hobgoblin (D:2)
  4 jackals (D:1)
  A quokka (D:2)
  3 ball pythons
  5 bats
  A frilled lizard (D:1)
  6 kobolds
  2 rats
32 creatures vanquished.

Notes
Turn   | Place    | Note
-------+----------+-------------------------------------------
     0 | D:1      | cbfl8 the Hill Orc Fighter began the quest for the Orb.
     0 | D:1      | Reached XP level 1. HP: 19/19 MP: 1/1
   206 | D:1      | Found a faded altar of an unknown god.
   418 | D:1      | Reached XP level 2. HP: 25/27 MP: 2/2
   752 | D:1      | Found Iraeblui's Jewellery Shop.
   984 | D:2      | Reached XP level 3. HP: 33/33 MP: 3/3
  1019 | D:2      | Reached skill level 4 in Fighting
  1225 | D:2      | Slain by a gnoll

Illustrated notes

Levels and vault maps discovered:
D:1:      scummos_arrival_hexagon, layout_loops_corners,
          shapermc_ecumenical_altar_acropolis, serial_shops, nicolae_shop_stone
D:2:      layout_rooms

Skill      XL: |  1  2  3 |
---------------+----------+-----
Axes           | 3 |  3.3
Fighting       | 4 |  4.0
Armour         | |  3.6
Dodging        | |  0.3
Stealth        | |  0.1
Shields        | |  3.7
Evocations     | |  0.3

Action                   || total
-------------------------++-------
Melee: War axe           ||    74
Armor: Scale mail        ||    29
       Chain mail        ||    15
Dodge: Dodged            ||    39
Block: Buckler           ||    20
